 Dungeon Crawl Stone Soup version 0.31-a0-229-g1fc7ce93e2 (webtiles) character file.

Game seed: 3677871221406519335

102 qw the Shooter (level 4, -6/26 HPs)
             Began as a Gargoyle Hexslinger on July 6, 2023.
             Mangled by Terence
             ... wielding a +0 flail
              (8 damage)
             ... on level 2 of the Dungeon.
             The game lasted 00:00:37 (1313 turns).

qw the Shooter (Gargoyle Hexslinger)                Turns: 1313, Time: 00:00:38

Health: -6/26      AC:  5    Str: 12    XL:     4   Next: 77%
Magic:  5/5        EV: 12    Int: 13    God:
Gold:   71         SH:  0    Dex: 14    Spells: 4/5 levels left

rFire   . . .        a - +1 sling
rCold   . . .        (no shield)
rNeg    + . .        c - +0 robe
rPois   inf          (no helmet)
rElec   +            (no cloak)
rCorr   .            (no gloves)
SInv    .            (no boots)
Will    .....        (no amulet)
Stlth   +            (no ring)
HPRegen 0.24/turn    (no ring)
MPRegen 0.09/turn

%: no passive effects
@: no status effects
A: sickness immunity, AC +3, negative energy resistance 1, electricity
resistance, torment resistance 1, petrification resistance
a: no special abilities


You were on level 2 of the Dungeon.
You visited 1 branch of the dungeon, and saw 2 of its levels.

You collected 71 gold pieces.


Innate Abilities, Weirdness & Mutations

You are immune to sickness and miasma.
Your stone body is resilient. (AC +3)
You are immune to poison.
You resist negative energy. (rN+)
You are resistant to electric shocks. (rElec)
You are resistant to unholy torment.
You are immune to petrification.


   Skills:
 - Level 2.0 Fighting
 + Level 4.5 Ranged Weapons
 - Level 1.5 Dodging
 - Level 1.0 Spellcasting
 - Level 2.6 Hexes


You had 4 spell levels left.
You knew the following spells:

 Your Spells              Type           Power      Damage    Failure   Level
a - Slow                  Hex            28%        N/A       10%         1

Your spell library contained the following spells:

 Spells                   Type           Power      Damage    Failure   Level
 Inner Flame              Hex/Fire       4%         N/A       43%         3
 Portal Projectile        Hex/Tloc       8%         N/A       43%         3
 Cause Fear               Hex            3%         N/A       67%         4

Inventory:

Hand Weapons
 a - a +1 sling (weapon)
Armour
 c - a +0 robe (worn)
Scrolls
 f - a scroll of fog {unknown}
 i - a scroll of fear {unknown}
Potions
 b - a potion of degeneration {unknown}
 d - 2 potions of curing
 e - a potion of mutation {unknown}
 g - a potion of enlightenment {unknown}
 h - a potion of heal wounds {unknown}

Dungeon Overview and Level Annotations

Branches:
Dungeon (2/15)

Altars:

Annotations:
D:2 Terence


Message History

Terence barely misses you.
You shoot a sling bullet.
The sling bullet hits Terence but does no damage.
Terence is moderately wounded.
Terence hits you but does no damage.
You shoot a sling bullet. The sling bullet barely misses Terence.
Terence closely misses you.
The quokka bites you but does no damage.
You shoot a sling bullet.
The sling bullet hits Terence but does no damage.
Terence is moderately wounded.
The quokka closely misses you. Terence barely misses you.
You shoot a sling bullet. The sling bullet barely misses Terence.
The quokka bites you but does no damage.
Terence hits you with a +0 flail. The quokka bites you.
Terence barely misses you.
You shoot a sling bullet.
The sling bullet hits Terence but does no damage.
Terence is moderately wounded.
The quokka bites you but does no damage.
Terence hits you but does no damage.
You shoot a sling bullet. The sling bullet hits Terence.
Terence is heavily wounded.
The quokka closely misses you. Terence closely misses you.
The quokka bites you but does no damage.
You shoot a sling bullet. The sling bullet barely misses Terence.
The quokka misses you. Terence closely misses you.
You shoot a sling bullet.
The sling bullet hits Terence but does no damage.
Terence is heavily wounded.
The quokka bites you but does no damage.
Terence hits you but does no damage.
You shoot a sling bullet.
The sling bullet closely misses Terence.
The quokka bites you but does no damage.
Terence hits you with a +0 flail! The quokka barely misses you.
You shoot a sling bullet. The sling bullet barely misses Terence.
Terence hits you with a +0 flail. The quokka bites you.
Terence hits you with a +0 flail!
You die...

#.# #......... ....
#.#####.........
......###.##............
..........)..#........##
......###.####.....#....
...... #.# #####......
......# #.# .....<
.......##.# #....#
#.@r.# .... ###@.# ...
#..# ..... #.#.#.#
........ ##...>...#
...####..


You could see Terence and a quokka.

Vanquished Creatures
  6 adders (D:2)
  2 worms (D:2)
  A dart slug (D:1)
  5 ball pythons
  A bat (D:1)
  4 endoplasms
  6 goblins
  A hobgoblin (D:2)
  3 jackals (D:1)
  A quokka (D:1)
  A frilled lizard (D:2)
  4 kobolds
  5 rats
40 creatures vanquished.

Notes
Turn   | Place    | Note
-------+----------+-------------------------------------------
     0 | D:1      | qw the Gargoyle Hexslinger began the quest for the Orb.
     0 | D:1      | Reached XP level 1. HP: 12/12 MP: 2/2
     0 | D:1      | 0 ||| qw: Version: 0.3-a-46-gb1f654a
     0 | D:1      | 0 ||| qw: Game counter: 1208
     0 | D:1      | 0 ||| qw: Melee chars always use a shield: true
     0 | D:1      | 0 ||| qw: God list: Okawaru
     0 | D:1      | 0 ||| qw: Allow faded altars: false
     0 | D:1      | 0 ||| qw: Do Orc after clearing Dungeon:15 true
     0 | D:1      | 0 ||| qw: Do second Lair branch before Depths: true
     0 | D:1      | 0 ||| qw: Lair rune preference: random
     0 | D:1      | 0 ||| qw: Goals: Normal
     0 | D:1      | 0 ||| PLANNING D:1-11
     1 | D:1      | Noticed an electric eel
     5 | D:1      | 5 ||| DROPPING scroll of poison.
    30 | D:1      | 30 ||| FLEEEEING.
   116 | D:1      | Reached XP level 2. HP: 16/16 MP: 3/3
   475 | D:1      | Reached skill level 3 in Ranged Weapons
   751 | D:1      | Reached XP level 3. HP: 21/21 MP: 4/4
   880 | D:1      | 880 ||| DRINKING 2 bubbling amethyst potions.
  1000 | D:2      | 1000 ||| FLEEEEING.
  1001 | D:2      | 1001 ||| FLEEEEING.
  1002 | D:2      | 1002 ||| FLEEEEING.
  1110 | D:2      | Reached XP level 4. HP: 26/26 MP: 5/5
  1122 | D:2      | Reached skill level 4 in Ranged Weapons
  1298 | D:2      | Noticed Terence
  1313 | D:2      | HP: 5/26 [Terence/+0 flail (4)]
  1313 | D:2      | HP: 2/26 [quokka (3)]
  1313 | D:2      | Mangled by Terence

Levels and vault maps discovered:
D:1:      arrival_aquarium_a, layout_loops_corners, serial_bayou_pond_d
D:2:      layout_rooms, minmay_snake_closets, uniq_terence

Skill      XL: |  1  2  3  4 |
---------------+-------------+-----
Ranged Weapons | 3 4 |  4.5
Fighting       | 2 |  2.0
Dodging        | |  1.5
Spellcasting   | |  1.0
Hexes          | |  2.6

Action                     |  1- 3 |  4- 6 || total
---------------------------+-------+-------++-------
   Fire: Sling             |   114 |    61 ||   175
    Use: Potion            |     1 |       ||     1
 Armour: Robe              |    33 |    19 ||    52
  Dodge: Dodged            |    42 |    37 ||    79

Table legend:
 A = Non-vault XP
 B = Vault XP
 C = Vault XP percentage of total XP
 D = Non-vault monster count
 E = Vault monster count
 F = Vault count percentage of total count
                 A         B        C        D         E       F
            +---------+---------+-------+---------+---------+-------
      Total |      74 |      72 |  49.3 |      32 |       8 |  20.0
            +---------+---------+-------+---------+---------+-------
        D:1 |      34 |       0 |   0.0 |      18 |       0 |   0.0
        D:2 |      40 |      72 |  64.3 |      14 |       8 |  36.4
            +---------+---------+-------+---------+---------+-------
